 Dungeon Crawl Stone Soup version 0.25-a0-109-ge9c0e85935 (webtiles) character file.

Game seed: 6539726418434416122, levelgen mode: deterministic

23 night the Sneak (level 2, 0/13 HPs)
             Began as a Spriggan Enchanter on Nov 18, 2019.
             Slain by a gnoll
             ... wielding a +0 club
              (3 damage)
             ... on level 2 of the Dungeon.
             The game lasted 00:03:13 (1165 turns).

night the Sneak (Spriggan Enchanter)                Turns: 1165, Time: 00:03:14

Health: 0/13       AC:  2    Str:  4    XL:     2   Next: 72%
Magic:  7/7        EV: 10    Int: 16    God:
Gold:   38         SH:  0    Dex: 16    Spells: 4/7 levels left

rFire    . . .     SeeInvis +   a - +1 dagger
rCold    + . .     Gourm    .   (shield restricted)
rNeg     . . .     Faith    .   b - +0 robe
rPois    .         Spirit   .   (helmet restricted)
rElec    .         Reflect  .   (no cloak)
rCorr    .         Harm     .   (gloves unavailable)
MR       .....                  (boots unavailable)
Stlth    +++.......             (no amulet)
HPRegen  0.04/turn              c - ring of protection from cold
MPRegen  0.10/turn              (no ring)

@: held, very quick
A: very small, unfitting armour, see invisible, herbivore, speed 3, slow
metabolism 2
a: no special abilities


You were on level 2 of the Dungeon.
You were not hungry.

You visited 1 branch of the dungeon, and saw 2 of its levels.

You collected 38 gold pieces.

Inventory:

Hand Weapons
 a - a +1 dagger (weapon)
Missiles
 g - 23 stones (quivered)
Armour
 b - a +0 robe (worn)
Jewellery
 c - a ring of protection from cold (left hand)
Scrolls
 e - a scroll of amnesia {unknown}
 f - 2 scrolls of teleportation {unknown}
 h - a scroll of random uselessness {unknown}
 i - 2 scrolls of identify {unknown}
 j - a scroll of blinking {unknown}
 k - a scroll of remove curse {unknown}
Comestibles
 d - 2 rations


   Skills:
 - Level 1.1 Short Blades
 + Level 3.4 Dodging
 + Level 4.8 Stealth
 * Level 3.3 Spellcasting
 + Level 3.9 Hexes


You had 4 spell levels left.
You knew the following spells:

 Your Spells              Type           Power        Failure   Level  Hunger
a - Ensorcelled Hibernat  Hex/Ice        #.....       12%         2    ##.....
z - Corona                Hex            ###....      3%          1    None

Your spell library contained the following spells:

 Spells                   Type           Power        Failure   Level  Hunger
 Confuse                  Hex            ###.....     11%         3    ###....
 Tukima's Dance           Hex            ###.....     11%         3    ###....
 Dazzling Spray           Conj/Hex       #.....       24%         3    ###....


Dungeon Overview and Level Annotations

Branches:
Dungeon (2/15)

Altars:


Innate Abilities, Weirdness & Mutations

You are very small and have problems with some larger weapons.
You are too small for most types of armour.
You have supernaturally acute eyesight. (SInv)
You are a herbivore.
You cover ground extremely quickly.
You need to consume almost no food.


Message History

The helpless bat fails to defend itself.
You impale the bat!!
You kill the bat!
You open the door. 4 gnolls and a kobold come into view.
There is an open door here.
An adder comes into view.
The adder hisses angrily.
You hear a shout!
The gnoll shouts! x2; The kobold shouts!
You hit the gnoll but do no damage.
A goblin comes into view.
The gnoll completely misses you. The gnoll misses you.
The gnoll throws a throwing net.
The throwing net hits you.
You become entangled in the net!
You see here a throwing net.
You struggle against the net.
The gnoll hits you with a +0 flail!
Ouch! That really hurt!
* * * LOW HITPOINT WARNING * * *
The gnoll hits you with a +0 club.
You die...

#............#
#............#
##...........g#
..............+
#.........S..#
#.....K......#
#.............
+.....ggg.g..###
#.....@......#<#
####+#'#######.#
#.........#
###########


You could see 4 gnolls, an adder, a goblin (wandering) and a kobold.

Vanquished Creatures
  A leopard gecko (D:1)
  3 bats
  A giant cockroach (D:1)
  3 goblins (D:1)
  3 hobgoblins (D:1)
  4 kobolds (D:1)
  2 frilled lizards (D:1)
  2 rats (D:1)
19 creatures vanquished.

Notes
Turn   | Place    | Note
-------+----------+-------------------------------------------
     0 | D:1      | night the Spriggan Enchanter began the quest for the Orb.
     0 | D:1      | Reached XP level 1. HP: 9/9 MP: 5/5
   651 | D:1      | Reached XP level 2. HP: 10/13 MP: 5/7
   655 | D:1      | Learned a level 2 spell: Ensorcelled Hibernation
  1165 | D:2      | Slain by a gnoll

Levels and vault maps discovered:
D:1:      psy_arrival_basics, layout_loops_ring
D:2:      layout_basic, grunt_decor_arrowhead, chequers_hall_statues_corner_a,
          chequers_mini_garden, corexii_hall_statues_t

Skill      XL: |  1 |
---------------+----+-----
Spellcasting   | 3 |  3.3
Short Blades   | |  1.1
Dodging        | |  3.4
Stealth        | |  4.8
Hexes          | |  3.9

Action                   || total
-------------------------++-------
Melee: Dagger            ||    55
 Cast: Corona            ||     7
       Ensorcelled Hiber ||     6
 Stab: Sleeping          ||    12
Armor: Robe              ||     2
Dodge: Dodged            ||    32

Table legend:
 A = Non-vault XP
 B = Vault XP
 C = Vault XP percentage of total XP
 D = Non-vault monster count
 E = Vault monster count
 F = Vault count percentage of total count
                 A         B        C        D         E       F
            +---------+---------+-------+---------+---------+-------
      Total |      33 |       0 |   0.0 |      19 |       0 |   0.0
            +---------+---------+-------+---------+---------+-------
        D:1 |      32 |       0 |   0.0 |      18 |       0 |   0.0
        D:2 |       1 |       0 |   0.0 |       1 |       0 |   0.0
            +---------+---------+-------+---------+---------+-------
